 Dungeon Crawl Stone Soup version 0.31-a0-1074-g0b22e4e0f1 (webtiles) character file.

Game seed: 12987080390680173778

1367 monsoonserge the Ruffian (level 8, -11/52 HPs)
             Began as an Octopode Shapeshifter on Dec 1, 2023.
             Was an Initiate of Gozag.
             Killed from afar by Dowan (25 damage)
             ... with a shard of ice
             ... on level 6 of the Dungeon.
             The game lasted 00:14:50 (6339 turns).

monsoonserge the Ruffian (Octopode Shapeshifter)    Turns: 6339, Time: 00:14:52

Health: -11/52     AC:  1    Str: 15    XL:     8   Next: 65%
Magic:  17/17      EV: 14    Int: 19    God:    Gozag
Gold:   472        SH:  0    Dex: 11    Spells: 7/7 levels left

rFire   . .          .
                       - Unarmed
rCold   . . .        (no shield)
rNeg    . . .        (helmet currently unavailable)
rPois   .            f - amulet of magic regeneration
rElec   .            k - ring of flight
rCorr   +            q - ring of resist corrosion
SInv    .            E - +6 ring of intelligence
Will    .....        F - ring of magical power
Stlth   +++          (no ring)
HPRegen 0.28/turn    (no ring)
MPRegen 0.55/turn    (no ring)
                     (no ring)

%: no passive effects
@: beast-form, flying
A: beast (slay +3), almost no armour, amphibious, 8 rings, camouflage 1,
gelatinous body 1, (nimble swimmer 1), tentacles
a: Begin Untransformation, Renounce Religion, Potion Petition, Call Merchant,
Bribe Branch


You were on level 6 of the Dungeon.
You worshipped Gozag.
Gozag was aware of your devotion.
You were a hulking beast.
You visited 2 branches of the dungeon, and saw 7 of its levels.

You collected 656 gold pieces.
You spent 117 gold pieces at shops.
You paid 67 gold pieces to Gozag.

Inventory:

Hand Weapons
 v - a +0 sling of flaming
Missiles
 d - 6 boomerangs
 w - 4 poisoned darts (quivered)
 A - a throwing net
Magical Staves
 g - a staff of poison
Jewellery
 f - an amulet of magic regeneration (around mantle)
 k - a ring of flight (left tentacle)
 q - a ring of resist corrosion (right tentacle)
 C - a ring of ice
 E - a +6 ring of intelligence (on tentacle)
 F - a ring of magical power (on tentacle)
Talismans
 b - a beast talisman
 c - a flux talisman
 B - a storm talisman
Wands
 n - a wand of mindburst (7)
Scrolls
 h - 2 scrolls of identify
 m - 2 scrolls of teleportation {unknown}
 o - 2 scrolls of fog {unknown}
 p - a scroll of fear {unknown}
 r - a scroll of enchant armour {unknown}
 u - a scroll of enchant weapon {unknown}
 x - a scroll of immolation {unknown}
 y - a scroll of revelation {unknown}
 D - a scroll of noise
Potions
 a - a potion of lignification
 e - 3 potions of heal wounds
 i - a potion of mutation
 j - 2 potions of ambrosia
 l - 2 potions of curing {unknown}
 s - 3 potions of cancellation {unknown}
 t - a potion of haste {unknown}
 z - 2 potions of might


   Skills:
 + Level 3.2 Fighting
 + Level 4.0 Dodging
 - Level 3.0 Stealth
 + Level 7.5 Unarmed Combat
 + Level 1.7 Evocations
 * Level 5.6 Shapeshifting


You had 7 spell levels left.
You didn't know any spells.
Your spell library contained the following spells:

 Spells                   Type           Power      Damage    Failure   Level
 Kiss of Death            Conj/Necr      0%         2d5       21%         1
 Confusing Touch          Hex            0%         N/A       52%         3
 Dispel Undead            Necr           0%         3d6       90%         4
 Haunt                    Necr/Summ      0%         N/A       100%        7
 Infestation              Necr           0%         N/A       100%        8
 Animate Dead             Necr           Unusable   N/A       N/A         4

Dungeon Overview and Level Annotations

Branches:
Dungeon (6/15)             Temple (1/1) D:4

Altars:
Ashenzari
Cheibriados
Dithmenos
Elyvilon
Gozag
Hepliaklqana
Kikubaaqudgha
Makhleb
Nemelex Xobeh
Okawaru
Qazlal
Ru
Sif Muna
Trog
Uskayaw
Wu Jian
Yredelemnul
Zin
The Shining One

Shops:
D:6 *

Annotations:
D:6 Dowan


Innate Abilities, Weirdness & Mutations

You are a hulking beast.
Your limbs bulge with bestial killing power. (Slay +3)
You cannot wear most types of armour.
You are amphibious.
You can wear up to eight rings at the same time.
Your skin changes colour to match your surroundings (Stealth+).
Your rubbery body absorbs attacks. (AC +1, EV +1)
((You are camouflaged when in or above water. (Stealth+)))
You have tentacles for arms and can constrict up to eight enemies at once.


Message History

Things that are here:
a +0 war axe of freezing; a +0 ring mail You start resting.
An orc warrior is nearby!
A jelly comes into view.
The jelly moves out of view.
Dowan says, "Magic will overcome all!"
Dowan gestures at you while chanting. The stone arrow misses you.
Dowan hits you with a +5 dagger of protection!
Dowan barely misses you.
You tentacle-slap Dowan. You grab Dowan. You tentacle-slap Dowan.
Dowan is lightly wounded.
You constrict Dowan, but do no damage.
Dowan gestures wildly while chanting.
Dowan blinks free!
You tentacle-slap Dowan but do no damage.
Your grab misses Dowan. Your squeeze misses Dowan.
Dowan is lightly wounded.
Dowan hits you with a +5 dagger of protection.
You closely miss Dowan. Your grab misses Dowan.
Dowan is lightly wounded.
Dowan shakes with grief.
Dowan hits you with a +5 dagger of protection!
Dowan closely misses you.
You barely miss Dowan. You grab Dowan.
Dowan is lightly wounded.
You constrict Dowan. Dowan closely misses you.
You bludgeon Dowan!
Dowan is heavily wounded.
You constrict Dowan.
Dowan hits you with a +5 dagger of protection.
* * * LOW HITPOINT WARNING * * *
You tentacle-slap Dowan.
Dowan is almost dead.
You constrict Dowan, but do no damage.
Dowan points at you and mumbles some strange words.
The shard of ice hits you!!
You die...
Your body crumbles into a pile of gold.

.### ####### #.#
#............. ...## ......#
#.# #..#..##...... ....#
......# #.###..#..##......
..#.##......#
#.##...#..##......
.....#......#
#.##...[..#....###
.#...#......#
#.##...#.##....# #
.###........#
#.###'##.##....### .#
##.......# #.# #.##.......'..
. #.......# #h#
#.#####....###
#.......####e###.#####....###
##.......e...........'.......
######.###.###.#####....###
#.....# #....# #..#####..#
######## #..# #..# #......
#..## #..# #.#####
##+#####...# #..# #.#


You could see Dowan (fast).

Vanquished Creatures
  Menkaure (D:6)
  Duvessa (D:6)
  3 black bears
  An ogre (D:5)
  A phantom (D:6)
  3 scorpions
  An orc priest (D:6)
  A hound (D:4)
  3 jellies
  An iguana (D:4)
  Natasha (twice) (D:3)
  2 orc wizards
  2 sleepcaps
  2 gnolls (D:5)
  8 adders
  2 shadow imps
  A white imp (D:6)
  6 ufetubi
  A worm (D:2)
  4 dart slugs
  5 orcs (D:5)
  5 ball pythons
  7 endoplasms
  3 giant cockroaches
  5 hobgoblins
  6 jackals
  7 kobolds
  6 bats
  2 frilled lizards (D:2)
  10 goblins
  A rat (D:2)
103 creatures vanquished.

Notes
Turn   | Place    | Note
-------+----------+-------------------------------------------
     0 | D:1      | monsoonserge the Octopode Shapeshifter began the quest for
                  | the Orb.
     0 | D:1      | Reached XP level 1. HP: 13/13 MP: 1/1
   122 | D:1      | Reached XP level 2. HP: 18/18 MP: 2/2
   432 | D:1      | Reached XP level 3. HP: 23/23 MP: 3/3
  1109 | D:2      | Reached skill level 1 in Stealth
  1190 | D:2      | Reached XP level 4. HP: 27/28 MP: 4/4
  1941 | D:3      | Found an iron altar of Okawaru.
  2213 | D:3      | Identified the +0 robe of the Hanged Man {-Cast Rampage
                  | Str+3 Dex+2}
  2259 | D:3      | Noticed Natasha
  2266 | D:3      | Killed Natasha
  2267 | D:3      | Reached XP level 5. HP: 17/33 MP: 5/5
  2447 | D:3      | Noticed Natasha
  2500 | D:3      | Killed Natasha
  2611 | D:4      | Noticed a black bear
  2748 | D:4      | Reached skill level 1 in Evocations
  2769 | D:4      | Reached skill level 4 in Unarmed Combat
  2769 | D:4      | Reached XP level 6. HP: 15/39 MP: 6/6
  2921 | D:4      | Found a shimmering blue altar of Sif Muna.
  3164 | D:4      | Found a staircase to the Ecumenical Temple.
  3182 | Temple   | Entered the Ecumenical Temple
  3211 | Temple   | Became a worshipper of Gozag Ym Sagoz the Greedy
  3698 | D:4      | Reached skill level 5 in Unarmed Combat
  3792 | D:5      | Entered Level 5 of the Dungeon
  3802 | D:5      | HP: 2/41 [ogre/+0 giant club (14)]
  3806 | D:5      | Reached XP level 7. HP: 3/45 MP: 7/7
  4477 | D:5      | Identified the +2 robe of the Endless Expanse {rElec rF+++
                  | rC- Str-2}
  4493 | D:5      | Reached skill level 6 in Unarmed Combat
  4655 | D:5      | Found a burning altar of Makhleb.
  4666 | D:5      | Reached skill level 5 in Shapeshifting
  5014 | D:6      | Reached XP level 8. HP: 43/51 MP: 8/8
  5453 | D:6      | Noticed Dowan
  5670 | D:6      | Found Calom's General Store.
  5678 | D:6      | Bought a potion of ambrosia for 104 gold pieces
  5678 | D:6      | Bought a scroll of noise for 13 gold pieces
  5875 | D:6      | Noticed Menkaure
  5879 | D:6      | Killed Menkaure
  5880 | D:6      | Reached skill level 7 in Unarmed Combat
  5969 | D:6      | Noticed Duvessa
  5976 | D:6      | Killed Duvessa
  6339 | D:6      | Killed from afar by Dowan

Illustrated notes

Levels and vault maps discovered:
D:1:      dpeg_arrival_more_subterranean_lakeside_camping, layout_basic,
          minivault_27
D:2:      layout_rooms, chequers_mini_garden
D:3:      layout_loops_corners, okawaru_metal_pillars_1_2, uniq_natasha
D:4:      layout_loops_ring, mainiacjoe_overflow_small_starburst,
          minmay_temple_entry_nine_rooms
D:5:      layout_loops_cross, lightli_temple_of_fire,
          serial_library_hellmonk_h_bend
D:6:      layout_basic, serial_shops, shop, uniq_duvessa, uniq_menkaure
Temple:   kb_temple_of_zot

Skill      XL: |  1  2  3  4  5  6  7  8 |
---------------+-------------------------+-----
Shapeshifting  | 4 5 |  5.6
Stealth        | 1 2 3 |  3.0
Evocations     | 1 |  1.7
Fighting       | 2 3 |  3.2
Unarmed Combat | 4 5 6 7 |  7.5
Dodging        | 3 4 |  4.0

Action                     |  1- 3 |  4- 6 |  7- 9 || total
---------------------------+-------+-------+-------++-------
  Melee: Unarmed           |    58 |    85 |    81 ||   224
         Tentacles         |    16 |    13 |    19 ||    48
         Constrict         |    17 |    19 |    23 ||    59
         Punch             |     2 |     2 |     4 ||     8
  Throw: Dart              |       |       |     6 ||     6
         Boomerang         |       |       |     1 ||     1
  Evoke: Wand              |       |     2 |     3 ||     5
    Use: Scroll            |       |     4 |       ||     4
   Stab: Sleeping          |     6 |     4 |     9 ||    19
 Armour: Skin              |    13 |    38 |    43 ||    94
  Dodge: Dodged            |    35 |    44 |    37 ||   116

Table legend: (Time is in decaauts)
 A = Elapsed time spent in this place.
 B = Non-inter-level travel time spent in this place.
 C = Inter-level travel time spent in this place.
 D = Time resting spent in this place.
 E = Time spent auto-exploring this place.
 F = Levels seen in this place.
 G = Mean time per level.
                   A        B        C        D        E       F      G
               +--------+--------+--------+--------+--------+-----+--------+
         Total |   6323 |   6037 |    286 |   1135 |   3061 |   7 |  903.3 |
       Dungeon |   6264 |   6033 |    231 |   1135 |   3061 |   6 | 1044.0 |
        Temple |     58 |      3 |     55 |      0 |      0 |   1 |   58.0 |
               +--------+--------+--------+--------+--------+-----+--------+

Top non-repeatable levels by time:
     D:4: 1352 daAuts
     D:5: 1227 daAuts
     D:3: 1175 daAuts
     D:6: 1050 daAuts
     D:1: 893 daAuts
     D:2: 565 daAuts
  Temple: 58 daAuts
